 Dungeon Crawl Stone Soup version 0.29-a0-322-g68df515428 (webtiles) character file.

Game seed: 12343803085022594092

1534 kae the Firebug (level 8, 0/48 HPs)
             Began as a Tengu Fire Elementalist on Apr 7, 2022.
             Was an Initiate of Sif Muna.
             Killed by an exploding wight (29 damage)
             ... ignited by their inner flame
             ... on level 6 of the Dungeon.
             The game lasted 00:04:12 (7405 turns).

kae the Firebug (Tengu Fire Elementalist)           Turns: 7405, Time: 00:04:13

Health: 0/48       AC:  6    Str:  8    XL:     8   Next: 86%
Magic:  0/15       EV: 17    Int: 17    God:    Sif Muna [......]
Gold:   265        SH:  0    Dex: 16    Spells: 6/15 levels left

rFire   . . .      SeeInvis .   o - +2 spear (venom)
rCold   . . .      Faith    .   (no shield)
rNeg    . . .      Spirit   .   a - +0 robe
rPois   .          Reflect  .   (helmet restricted)
rElec   .          Harm     .   (no cloak)
rCorr   .          Rampage  .   (no gloves)
Will    .....                   (boots unavailable)
Stlth   ++........              (no amulet)
HPRegen 0.16/turn               f - +4 ring of protection
MPRegen 0.14/turn               i - ring of flight

@: flying quickly and evasively, quick
A: beak, talons 3, nimble flight
a: Renounce Religion


You were on level 6 of the Dungeon.
You worshipped Sif Muna.
Sif Muna was noncommittal.
You visited 2 branches of the dungeon, and saw 7 of its levels.
You also visited: Ossuary.

You collected 315 gold pieces.
You spent 50 gold pieces at shops.

Inventory:

Hand Weapons
 d - a +0 mace
 o - a +2 spear of venom (weapon)
Armour
 a - a +0 robe (worn)
 w - a +1 hat
Jewellery
 f - a +4 ring of protection (left hand)
 i - a ring of flight (right hand)
 y - an amulet of the acrobat
Wands
 z - a wand of digging (11)
Scrolls
 c - a scroll of torment
 e - a scroll of identify
 j - 3 scrolls of magic mapping
 q - a scroll of fog
 u - a scroll of enchant weapon
 v - a scroll of fear
Potions
 b - a potion of magic
 g - 7 potions of curing
 h - 2 potions of lignification
 k - 2 potions of attraction
 l - 4 potions of cancellation
 m - 6 potions of haste
 n - 3 potions of heal wounds
 p - a potion of resistance
 r - a potion of mutation
 s - a potion of invisibility
 t - a potion of brilliance {unknown}
 x - a potion of berserk rage {unknown}


   Skills:
 + Level 3.7 Fighting
 + Level 4.2 Armour
 + Level 4.8 Dodging
 - Level 2.0 Stealth
 + Level 4.1 Spellcasting
 + Level 5.4 Conjurations
 * Level 7.1 Fire Magic


You had 6 spell levels left.
You knew the following spells:

 Your Spells              Type           Power      Damage    Failure   Level
a - Foxfire               Conj/Fire      96%        2x1d8     1%          1
b - Scorch                Fire           54%        2d7       1%          2
c - Conjure Flame         Conj/Fire      24%        6-21      3%          3
d - Inner Flame           Hex/Fire       15%        N/A       11%         3

Your spell library contained the following spells:

 Spells                   Type           Power      Damage    Failure   Level
 Flame Wave               Conj/Fire      24%        2d7       12%         4
 Call Canine Familiar     Summ           3%         N/A       43%         3
 Ozocubu's Armour         Ice            3%         N/A       43%         3
 Portal Projectile        Hex/Tloc       6%         N/A       43%         3
 Tukima's Dance           Hex            3%         N/A       43%         3
 Anguish                  Hex/Necr       1%         N/A       83%         4
 Animate Armour           Summ/Erth      6%         N/A       83%         4
 Leda's Liquefaction      Hex/Erth       1%         N/A       83%         4
 Summon Lightning Spire   Summ/Air       3%         N/A       83%         4
 Blade Hands              Tmut           1%         N/A       99%         5
 Metabolic Englaciation   Hex/Ice        1%         N/A       99%         5
 Iron Shot                Conj/Erth      6%         9d2       100%        6
 Simulacrum               Ice/Necr       1%         N/A       100%        6
 Summon Cactus Giant      Summ           1%         N/A       100%        6
 Enfeeble                 Hex            1%         N/A       100%        7
 Storm Form               Tmut/Air       1%         N/A       100%        7
 Maxwell's Capacitive Co  Air            1%         ∞         100%        8


Dungeon Overview and Level Annotations

Branches:
Dungeon (6/15)             Temple (1/1) D:5         Ossuary (visited)

Altars:
Ashenzari
Dithmenos
Fedhas
Hepliaklqana
Makhleb
Nemelex Xobeh
Okawaru
Qazlal
Sif Muna
Trog
Uskayaw
Vehumet
Xom
Yredelemnul
Zin
The Shining One
Lugonu

Shops:
D:2 *

Portals:
Abyss: D:3


Innate Abilities, Weirdness & Mutations

You have a beak for a mouth.
You have claws for feet.
Your magical nature lets you fly swiftly and evasively.


Message History

Casting: Conjure Flame (dangerous; 3% risk of failure)
Confirm with . or Enter, or press ? or * to list all spells.
Okay, then.
You see here 21 stones.
There is a stone staircase leading down here.
Casting: Conjure Flame (dangerous; 3% risk of failure)
Confirm with . or Enter, or press ? or * to list all spells.
The fire begins to smoulder!
The fire ignites!
Casting: Conjure Flame (dangerous; 3% risk of failure)
Confirm with . or Enter, or press ? or * to list all spells.
The fire begins to smoulder!
Unknown command.
Casting: Conjure Flame (dangerous; 3% risk of failure)
Confirm with . or Enter, or press ? or * to list all spells.
Aiming: Inner Flame (dangerous; 11% risk of failure)
Press: ? - help, Dir - move target, f/p - wight
Aim: a wight, wielding a +0 mace and wearing a +0 robe (lightly damaged, chance to affect: 69%)
The wight is filled with an inner flame.
You smother the flame.
Casting: Inner Flame (dangerous; 11% risk of failure)
Confirm with . or Enter, or press ? or * to list all spells.
You conjure some foxfire!
The foxfire hits the wight but does no damage.
The wight is lightly damaged.
The foxfire hits the wight.
Flame seeps out of the wight.
The wight is moderately damaged.
The wight is engulfed in blazing flames.
Flame seeps out of the wight.
Casting: Foxfire (safe; 1% risk of failure)
Confirm with . or Enter, or press ? or * to list all spells.
You conjure some foxfire!
The wight is engulfed in blazing flames.
Sif Muna accepts your kill.
The wight explodes!
The fiery explosion engulfs your foxfire.
Your foxfire completely resists.
The fiery explosion engulfs you!!
Ouch! That really hurt!
You die...

#.####.#####
#########..........#####
...........###..##......
#######z#.## ##.########
#z#z# #.# #### #z#z# #.#
....########○#z# #.##
.........##§#z# #..# ####
###........v@#.# ##.# ##...
..........####.# #.###...#
##............. #........
#.......####..#####..##...#
#...)................###.##
#...............###.## #.##
#.##..######..#.# #.# #.##
#.##..# #..#.# #.# #.##
#.##..# #..#.###.# #.##


You could see 3 wights.

Vanquished Creatures
  Grinder (D:5)
  Sigmund (D:6)
  An ice beast (D:6)
  2 black bears (D:6)
  2 ogres (D:5)
  A centaur (D:6)
  2 scorpions (D:4)
  2 water moccasin zombies (Ossuary)
  A wight (D:6)
  A howler monkey (Temple)
  A hound (Temple)
  3 iguanas
  3 orc wizards
  2 mummies (Ossuary)
  Robin (D:3)
  3 adders
  8 adder zombies (Ossuary)
  3 dart slugs
  8 orcs
  4 endoplasms (D:1)
  4 giant cockroaches
  5 gnoll zombies (Ossuary)
  10 hobgoblins
  4 jackals (D:3)
  7 kobolds
  2 quokkas (D:4)
  5 ball pythons
  8 bats
  3 frilled lizards
  8 goblins
  7 hobgoblin zombies (Ossuary)
  6 kobold zombies (Ossuary)
  5 orc zombies (Ossuary)
  5 rats
  A lurking horror (D:3)
130 creatures vanquished.

Vanquished Creatures (others)
  An orc (D:5)
  304 foxfires
305 creatures vanquished.

Grand Total: 435 creatures vanquished

Notes
Turn   | Place    | Note
-------+----------+-------------------------------------------
     0 | D:1      | kae the Tengu Fire Elementalist began the quest for the
                  | Orb.
     0 | D:1      | Reached XP level 1. HP: 10/10 MP: 4/4
   311 | D:1      | Reached XP level 2. HP: 15/15 MP: 3/6
  1371 | D:2      | Reached XP level 3. HP: 20/20 MP: 3/7
  1374 | D:2      | Learned a level 2 spell: Scorch
  1378 | D:2      | Learned a level 3 spell: Conjure Flame
  1544 | D:2      | Found Qoqiunoi's General Store.
  1551 | D:2      | Reached skill level 1 in Armour
  2166 | D:2      | Bought a potion of heal wounds for 50 gold pieces
  2690 | D:3      | Noticed Robin
  2697 | D:3      | Reached XP level 4. HP: 19/24 MP: 5/8
  2881 | D:3      | Reached skill level 4 in Fire Magic
  3010 | D:3      | Found a corrupted altar of Lugonu.
  3151 | D:3      | Found a one-way gate to the infinite horrors of the Abyss.
  3195 | D:3      | Reached skill level 1 in Fighting
  3335 | D:3      | Found a basalt altar of Yredelemnul.
  3469 | D:3      | Killed Robin
  3747 | D:3      | Gained mutation: Your magical nature lets you fly swiftly
                  | and evasively. [Tengu growth]
  3747 | D:3      | Reached XP level 5. HP: 10/29 MP: 4/9
  3980 | D:4      | Found a sand-covered staircase.
  3984 | Ossuary  | Entered an ossuary
  4383 | Ossuary  | Reached XP level 6. HP: 35/35 MP: 11/11
  4403 | Ossuary  | Learned a level 3 spell: Inner Flame
  4711 | D:4      | Reached skill level 5 in Fire Magic
  5160 | D:4      | Reached XP level 7. HP: 37/40 MP: 2/12
  5315 | D:5      | Entered Level 5 of the Dungeon
  5365 | D:5      | Found a staircase to the Ecumenical Temple.
  5383 | Temple   | Entered the Ecumenical Temple
  5433 | Temple   | Became a worshipper of Sif Muna the Loreminder
  6425 | D:5      | Noticed Grinder
  6444 | D:5      | Killed Grinder
  6445 | D:5      | Reached skill level 6 in Fire Magic
  6445 | D:5      | Reached XP level 8. HP: 27/46 MP: 5/14
  6865 | D:6      | Noticed Sigmund
  6875 | D:6      | Reached skill level 5 in Conjurations
  6878 | D:6      | Killed Sigmund
  6997 | D:6      | Reached skill level 7 in Fire Magic
  7119 | D:6      | Found a blossoming altar of Fedhas.
  7122 | D:6      | Found a broken altar of Ashenzari.
  7124 | D:6      | Found a bloodstained altar of Trog.
  7405 | D:6      | Killed by an exploding wight... ignited by their inner
                  | flame

Illustrated notes

Levels and vault maps discovered:
D:1:      dpeg_arrival_rooms_c, layout_basic
D:2:      layout_loops_ring, serial_shops, nicolae_shop_waterfront
D:3:      layout_basic, lemuel_crystal_altar, amcnicky_altar_lugonu_corruption,
          uniq_robin
D:4:      layout_basic, nicolae_ossuary_entry_plus, item_on_display_a
D:5:      layout_basic, minmay_temple_entry_glass, serial_curves,
          eino_curves_03, eino_curves_01, eino_curves_03, uniq_grinder
D:6:      layout_loops_ring, grunt_temple_overflow_open, uniq_sigmund,
          uniq_crazy_yiuf_cottage
Temple:   minmay_temple_bridge_abc

Skill      XL: |  1  2  3  4  5  6  7  8 |
---------------+-------------------------+-----
Conjurations   | 2 3 4 5 |  5.4
Armour         | 1 2 3 4 |  4.2
Fire Magic     | 4 5 6 7 |  7.1
Fighting       | 1 2 3 |  3.7
Dodging        | 3 4 |  4.8
Spellcasting   | 3 4 |  4.1
Stealth        | |  2.0

Action                   |  1- 3 |  4- 6 |  7- 9 || total
-------------------------+-------+-------+-------++-------
Melee: Mace              |    18 |       |       ||    18
       Peck              |     4 |    20 |     5 ||    29
       Kick              |     4 |    47 |     7 ||    58
       Spear             |       |   123 |    36 ||   159
       Punch             |       |     2 |       ||     2
 Cast: Foxfire           |    85 |    56 |    40 ||   181
       Scorch            |       |    18 |    16 ||    34
       Conjure Flame     |       |     1 |     5 ||     6
       Inner Flame       |       |       |     1 ||     1
  Use: Scroll            |     6 |     6 |     6 ||    18
 Stab: Sleeping          |     2 |     4 |       ||     6
Armor: Robe              |    12 |    48 |    16 ||    76
Dodge: Dodged            |    19 |    93 |    37 ||   149

Table legend: (Time is in decaauts)
 A = Elapsed time spent in this place.
 B = Non-inter-level travel time spent in this place.
 C = Inter-level travel time spent in this place.
 D = Time resting spent in this place.
 E = Time spent auto-exploring this place.
 F = Levels seen in this place.
 G = Mean time per level.
                   A        B        C        D        E       F      G
               +--------+--------+--------+--------+--------+-----+--------+
         Total |   7250 |   6986 |    264 |    798 |   5123 |   8 |  906.2 |
       Dungeon |   6279 |   6045 |    234 |    529 |   4702 |   6 | 1046.5 |
        Temple |    422 |    392 |     30 |    167 |    169 |   1 |  422.0 |
       Ossuary |    548 |    548 |      0 |    102 |    251 |   1 |  548.0 |
               +--------+--------+--------+--------+--------+-----+--------+

Top non-repeatable levels by time:
     D:3: 1462 daAuts
     D:1: 1336 daAuts
     D:2: 1117 daAuts
     D:5: 880 daAuts
     D:4: 848 daAuts
     D:6: 633 daAuts
 Ossuary: 548 daAuts
  Temple: 422 daAuts
